 Dungeon Crawl Stone Soup version 0.16-a0-139-gc9fe9b1 (webtiles) character file.

90 Sachiko the Ruinous (level 4, 0/24 HPs)
             Began as a Deep Elf Conjurer on Aug 14, 2014.
             Shot with an arrow by a centaur (6 damage)
             ... on Level 3 of the Dungeon.
             The game lasted 00:06:26 (2066 turns).

Sachiko the Ruinous (Deep Elf Conjurer)             Turns: 2066, Time: 00:06:26

HP   0/24        AC  3     Str  5      XL: 4   Next: 32%
MP  10/15        EV 13     Int 21      God:
Gold 29          SH  0     Dex 15      Spells:  2 memorised,  8 levels left

rFire  + . .     SeeInvis .     (no weapon)
rCold  . . .     Clarity  .     a - +1 robe
rNeg   . . .     rCorr    .     (no shield)
rPois  .         rRot     .     (no helmet)
rElec  .         Spirit   .     (no cloak)
SustAb .         Warding  .     (no gloves)
rMut   .         Stasis   .     (no boots)
Gourm  .                        (no amulet)
MR     .....                    (no ring)
                                (no ring)

@: not resistant to hostile enchantments, unstealthy
A: fire resistance 1
a: no special abilities


You were on level 3 of the Dungeon.
You were not hungry.

You visited 1 branch of the dungeon, and saw 3 of its levels.

You collected 29 gold pieces.

Inventory:

Armour
 a - a +1 robe (worn)
Comestibles
 b - 2 bread rations
 g - a royal jelly
 h - 2 rotting chunks of worm flesh
 i - 2 meat rations
 j - 3 beef jerkies
 n - a chunk of goblin flesh
Scrolls
 d - a scroll of teleportation
 f - 2 scrolls of identify
 l - a scroll of fog {unknown}
Potions
 e - a potion of might {unknown}
 k - a potion of resistance {unknown}
 m - a potion of lignification {unknown}
 o - a potion of magic {unknown}
Books
 c - a book of Conjurations

   Spells                             Type                      Level
   *Magic Dart                        Conjuration                  1
   *Searing Ray                       Conjuration                  2
   Dazzling Spray                     Conjuration/Hexes            3
   Fulminant Prism                    Conjuration/Hexes            4
   Iskenderun's Mystic Blast          Conjuration                  4
   Iskenderun's Battlesphere          Conjuration/Charms           5


   Skills:
 - Level 2.4 Dodging
 - Level 2.4 Stealth
 + Level 4.1 Spellcasting
 + Level 5.9 Conjurations


You had 8 spell levels left.
You knew the following spells:

 Your Spells              Type           Power        Failure   Level  Hunger
a - Magic Dart            Conj           ####         1%          1    None
b - Searing Ray           Conj           ####..       1%          2    #......


Dungeon Overview and Level Annotations

Branches:
Dungeon (3/15)

Altars:


Innate Abilities, Weirdness & Mutations

Your flesh is heat resistant.


Message History

Press: ? - help, Shift-Dir - straight line, f - centaur
Aim: a centaur, wielding a glowing shortbow The magic dart hits the centaur.
Casting: Magic Dart
Confirm with . or Enter, or press ? or * to list all spells.
Aiming: Magic Dart
Press: ? - help, Shift-Dir - straight line, f/p - centaur
Aim: a centaur, wielding a glowing shortbow The magic dart hits the centaur.
The centaur is lightly wounded.
The centaur shoots an arrow.
The arrow barely misses you.
Casting: Magic Dart
Confirm with . or Enter, or press ? or * to list all spells.
Aiming: Magic Dart
Press: ? - help, Shift-Dir - straight line, f/p - centaur
Aim: a centaur, wielding a glowing shortbow (lightly wounded)
The magic dart hits the centaur.
The centaur is moderately wounded.
The centaur shoots an arrow.
The arrow hits you.
You die...

.......##.. .#.# ...
.......# .#...
....###.....###.#....
#......#....... .......
#...........####.......
#........(...((....#...
####....).....#.........#
..%.....<#...............
............#.#@(.......#
...........#.##..####...
#####.##...#.##c.... #+
#...........$#
.............#
###..c......# . ..###...
... ## .


You could see a centaur.

Vanquished Creatures
  3 adders (D:2)
  A giant mite (D:1)
  A worm (D:2)
  2 giant geckos (D:2)
  A ball python (D:2)
  4 giant cockroaches
  9 hobgoblins
  2 jackals (D:2)
  5 kobolds
  8 bats
  A giant newt (D:2)
  4 goblins
  5 rats
46 creatures vanquished.

Notes
Turn   | Place    | Note
--------------------------------------------------------------
     0 | D:1      | Sachiko, the Deep Elf Conjurer, began the quest for the Orb.
     0 | D:1      | Reached XP level 1. HP: 10/10 MP: 5/5
   536 | D:1      | Reached XP level 2. HP: 15/15 MP: 3/8
   549 | D:1      | Learned a level 2 spell: Searing Ray
   653 | D:1      | Reached skill level 5 in Conjurations
  1055 | D:2      | Reached XP level 3. HP: 19/19 MP: 9/11
  1148 | D:2      | Gained mutation: Your flesh is heat resistant. [potion of beneficial mutation]
  1715 | D:2      | Reached XP level 4. HP: 22/24 MP: 6/14
  2055 | D:3      | Noticed a centaur
  2066 | D:3      | Shot with an arrow by a centaur

Action                   |  1- 3 |  4- 6 || total
-------------------------+-------+-------++-------
Melee: Unarmed           |    14 |       ||    14
 Cast: Magic Dart        |    62 |    19 ||    81
       Searing Ray       |     3 |     1 ||     4
  Use: Scroll            |     6 |       ||     6
       Potion            |     2 |       ||     2
 Stab: Sleeping          |     1 |       ||     1
  Eat: Chunk             |     1 |     1 ||     2
       Beef jerky        |     1 |       ||     1
